 Dungeon Crawl Stone Soup version 0.29-a0-234-g0dae59b3db (webtiles) character file.

Game seed: 477384805265601326

132 mineras the Vexing (level 4, -1/21 HPs)
             Began as a Spriggan Enchanter on Mar 3, 2022.
             Frozen to death by an endoplasm (4 damage)
             ... on level 3 of the Dungeon.
             The game lasted 00:07:52 (3203 turns).

mineras the Vexing (Spriggan Enchanter)             Turns: 3203, Time: 00:07:53

Health: -1/21      AC:  3    Str:  3 (6)  XL:     4   Next: 92%
Magic:  15/20      EV: 17    Int: 14 (16) God:
Gold:   52         SH:  0    Dex: 14 (15) Spells: 1/12 levels left

rFire   . . .      SeeInvis +   a - +1 dagger
rCold   . . .      Faith    .   (no shield)
rNeg    . . .      Spirit   .   b - +1 robe
rPois   .          Reflect  .   (helmet restricted)
rElec   .          Harm     .   (no cloak)
rCorr   .          Rampage  .   (gloves unavailable)
Will    .....                   (boots unavailable)
Stlth   +++.......              (no amulet)
HPRegen 0.07/turn               f - ring of magical power
MPRegen 0.17/turn               (no ring)

@: very slightly contaminated, studying Air Magic, very quick
A: very small, no large weapons, unfitting armour, see invisible, speed 3
a: no special abilities


You were on level 3 of the Dungeon.
You visited 1 branch of the dungeon, and saw 3 of its levels.

You collected 52 gold pieces.

Inventory:

Hand Weapons
 a - a +1 dagger (weapon)
Armour
 b - a +1 robe (worn)
Jewellery
 f - a ring of magical power (left hand)
Potions
 c - a potion of invisibility


   Skills:
 - Level 1.1 Short Blades
 - Level 2.6 Dodging
 - Level 4.4 Stealth
 + Level 4.8 Spellcasting
 + Level 5.4 Hexes


You had one spell level left.
You knew the following spells:

 Your Spells              Type           Power      Damage    Failure   Level
a - Ensorcelled Hibernat  Hex/Ice        22%        N/A       9%          2
b - Tukima's Dance        Hex            18%        N/A       5%          3
c - Dazzling Flash        Conj/Hex       22%        N/A       17%         3
d - Confusing Touch       Hex            18%        N/A       5%          3

Your spell library contained the following spells:

 Spells                   Type           Power      Damage    Failure   Level
 Magic Dart               Conj           12%        1d3       19%         1
 Sting                    Tmut/Pois      12%        1d3       19%         1
 Poisonous Vapours        Pois/Air       6%         N/A       26%         2
 Searing Ray              Conj           6%         2d4       26%         2
 Fulminant Prism          Conj/Hex       5%         3d7       50%         4
 Olgreb's Toxic Radiance  Pois           3%         N/A       87%         4


Dungeon Overview and Level Annotations

Branches:
Dungeon (3/15)

Altars:

Annotations:
D:3 Terence


Innate Abilities, Weirdness & Mutations

You are very small and have problems with some larger weapons.
You are too small for most types of armour.
You have supernaturally acute eyesight. (SInv)
You cover ground extremely quickly. (Speed+++)


Message History

You hit the orc but do no damage.
The orc is lightly wounded.
The orc zaps a wand.
Your mind is blasted!
Ouch! That really hurt!
* * * LOW HITPOINT WARNING * * *
The orc hits your +0 falchion but does no damage.
Your +0 falchion hits the orc.
Casting: Tukima's Dance (quite dangerous; 6% risk of failure)
Confirm with . or Enter, or press ? or * to list all spells.
Aiming: Ensorcelled Hibernation (safe; 9% risk of failure)
Press: ? - help, Shift-Dir - straight line, f/p - orc
Aim: an orc, wearing a +0 ring mail (almost dead, ally target, chance to affect: 62%)
The orc looks drowsy...
The orc barely misses your +0 falchion.
Your +0 falchion hits the orc but does no damage.
The helpless orc fails to defend itself.
You impale the orc!!
You kill the orc!
Casting: Ensorcelled Hibernation (safe; 9% risk of failure)
Confirm with . or Enter, or press ? or * to list all spells.
Aiming: Ensorcelled Hibernation (safe; 9% risk of failure)
Press: ? - help, Shift-Dir - straight line, f - adder
Aim: an adder (chance to affect: 53%)
You miscast Ensorcelled Hibernation.
You are very lightly contaminated with residual magic.
Nothing appears to happen.
The adder barely misses you.
Something hits your +0 falchion but does no damage.
The adder bites you.
* * * LOW HITPOINT WARNING * * *
Your +0 falchion hits something!
You feel a bit more experienced.
Your +0 falchion hits the dart slug!
The dart slug launches a dart at your +0 falchion.
The slug dart hits your +0 falchion.
There is an open door, spattered with blood here.
Something hits the dart slug.
The dart slug dies!
The endoplasm hits you but does no damage.
Terence shouts!
The endoplasm freezes you.
You are frozen.
You die...

*....'....#####....,,,,,,,,,,,,,
*.w..##()##..##...#,.#*******,**
**#,,**#'#)....#...#,.# *,,,
,,*+**.lS##o...#...#..###********
,,,*#...o,##?.##...#.....,,,,,,,*
,,,#....g,,##'##......#********,*
,,*#...8.,,##..##..##.## *,*
*+*#.....,,#..SJ#......# *,*
*,,##....,*#..@.@.###.###*** *,#
,,,,**,,,*#'#..##........,,****+#
,,,,+*'**#..####.........,,*,,,,.
*,,**,,*#...,#...#.......,,*,,,,.
****,,,.'..,,#.###.......,,*,,,,.
,,,*,,..##.,##.# *###'###***,,,,.
,,,**,.######..# *,,...,,,,,,,,,
*,,,***#......## *,,,...,,,,,,,,
***,,....####.# *,,,,..,,,,,,,,


You could see Terence, an adder, an orc and an endoplasm.

Vanquished Creatures
  3 gnolls (D:3)
  3 adders (D:2)
  A worm (D:2)
  A dart slug (D:2)
  2 orcs
  7 ball pythons
  10 bats
  3 endoplasms
  2 giant cockroaches (D:3)
  6 goblins
  6 hobgoblins
  4 jackals
  A quokka (D:2)
  4 kobolds
  11 rats
64 creatures vanquished.

Vanquished Creatures (collateral kills)
  A dart slug (D:3)
  An orc (D:3)
  2 ball pythons
4 creatures vanquished.

Grand Total: 68 creatures vanquished

Notes
Turn   | Place    | Note
-------+----------+-------------------------------------------
     0 | D:1      | mineras the Spriggan Enchanter began the quest for the Orb.
     0 | D:1      | Reached XP level 1. HP: 9/9 MP: 5/5
   138 | D:1      | Reached skill level 4 in Hexes
   144 | D:1      | Reached XP level 2. HP: 13/13 MP: 7/7
   147 | D:1      | Learned a level 2 spell: Ensorcelled Hibernation
   909 | D:1      | Found a faded altar of an unknown god.
  1268 | D:2      | Reached XP level 3. HP: 16/16 MP: 9/9
  1272 | D:2      | Learned a level 3 spell: Tukima's Dance
  1276 | D:2      | Learned a level 3 spell: Confusing Touch
  2214 | D:2      | Reached XP level 4. HP: 21/21 MP: 11/11
  2221 | D:2      | Learned a level 3 spell: Dazzling Flash
  2500 | D:2      | Reached skill level 5 in Hexes
  3178 | D:3      | Noticed Terence
  3203 | D:3      | Frozen to death by an endoplasm

Illustrated notes

Levels and vault maps discovered:
D:1:      dpeg_arrival_subterranean_lakeside_camping, layout_basic,
          chequers_ecumenical_altar_simple_redux, minmay_misc_feat_nine_boxes,
          kennysheep_flooded_box
D:2:      layout_basic, bh_walls_and_bars
D:3:      minmay_bubble_buster, layout_basic, serial_corexii_hall,
          corexii_hall_statues_s, chequers_hall_statues_wall_a, uniq_terence

Skill      XL: |  1  2  3  4 |
---------------+-------------+-----
Spellcasting   | 3 4 |  4.8
Hexes          | 4 5 |  5.4
Short Blades   | |  1.1
Dodging        | |  2.6
Stealth        | |  4.4

Action                   |  1- 3 |  4- 6 || total
-------------------------+-------+-------++-------
Melee: Dagger            |    98 |    63 ||   161
       Punch             |     1 |       ||     1
 Cast: Ensorcelled Hiber |    21 |    10 ||    31
       Confusing Touch   |     1 |       ||     1
       Tukima's Dance    |       |     4 ||     4
  Use: Scroll            |     4 |     3 ||     7
       Potion            |       |     4 ||     4
 Stab: Sleeping          |    22 |    12 ||    34
       Confused          |     1 |       ||     1
       Distracted        |       |     1 ||     1
Armor: Robe              |    27 |    11 ||    38
Dodge: Dodged            |    86 |    70 ||   156

Table legend: (Time is in decaauts)
 A = Elapsed time spent in this place.
 B = Non-inter-level travel time spent in this place.
 C = Inter-level travel time spent in this place.
 D = Time resting spent in this place.
 E = Time spent auto-exploring this place.
 F = Levels seen in this place.
 G = Mean time per level.
                   A        B        C        D        E       F      G
               +--------+--------+--------+--------+--------+-----+--------+
         Total |   2476 |   2425 |     51 |    105 |   1876 |   3 |  825.3 |
       Dungeon |   2476 |   2425 |     51 |    105 |   1876 |   3 |  825.3 |
               +--------+--------+--------+--------+--------+-----+--------+

Top non-repeatable levels by time:
     D:2: 1220 daAuts
     D:1: 772 daAuts
     D:3: 484 daAuts
